 Dungeon Crawl Stone Soup version 0.20.1-1-g8b1a95d (webtiles) character file.

98 RicketyTrickster the Cutter (level 5, 0/34 HPs)
             Began as a Kobold Berserker on July 4, 2017.
             Was a Believer of Trog.
             Slain by a hobgoblin
             ... wielding a +0 club
              (1 damage)
             ... on level 2 of the Dungeon.
             The game lasted 00:05:47 (1885 turns).

RicketyTrickster the Cutter (Kobold Berserker)      Turns: 1885, Time: 00:05:48

Health: 0/34       AC:  2    Str: 20    XL:     5   Next: 1%
Magic:  5/5        EV: 16    Int: 10    God:    Trog [**....]
Gold:   90         SH:  0    Dex: 15    Spells: 4/4 levels left

rFire    + . .     SeeInvis .   a - +1 short sword
rCold    + . .     Gourm    .   (shield restricted)
rNeg     . . .     Faith    .   b - +0 animal skin
rPois    +         Spirit   .   (no helmet)
rElec    +         Reflect  .   (no cloak)
rCorr    +         Harm     .   (no gloves)
MR       .....                  (no boots)
Stlth    ++........             (no amulet)
Regen    0.2/turn               i - +2 ring of intelligence
MPRegen  0.1/turn               (no ring)

@: mighty, lethally poisoned (0 -> -1), resistant, flying, very slightly
contaminated
A: carnivore 3
a: Berserk, Trog's Hand, Burn Spellbooks, Renounce Religion


You were on level 2 of the Dungeon.
You worshipped Trog.
Trog was pleased with you.
You were completely stuffed.

You visited 1 branch of the dungeon, and saw 2 of its levels.

You collected 90 gold pieces.

Inventory:

Hand Weapons
 a - a +1 short sword (weapon)
Armour
 b - a +0 animal skin (worn)
Jewellery
 i - a +2 ring of intelligence (left hand)
Wands
 l - a wand of flame (23/48)
Scrolls
 d - a scroll of remove curse
 e - a scroll of teleportation
 j - 5 scrolls of identify
 k - a scroll of enchant weapon
Comestibles
 c - 2 meat rations
 f - 4 fruits


   Skills:
 * Level 4.5 Fighting
 * Level 4.7 Short Blades
 * Level 1.9 Armour
 * Level 3.4 Dodging
 + Level 0.8 Stealth


You had 4 spell levels left.
You didn't know any spells.

Dungeon Overview and Level Annotations

Branches:
Dungeon (2/15)

Altars:
Uskayaw


Innate Abilities, Weirdness & Mutations

You are small and have problems with some larger weapons.
You are carnivorous and can eat meat at any time.


Message History

Press: ? - help, Dir - move target cursor You are very lightly contaminated with residual magic.
As you read the scroll labeled TEAKETHRIORU, it crumbles to dust.
It was a scroll of blinking.
* * * LOW HITPOINT WARNING * * *
You feel sick.
You see here a scroll of identify.
j - 5 scrolls of identify (gained 1) You're too full to eat anything.
There is a lethal amount of poison in your body!
* * * LOW HITPOINT WARNING * * *
You feel sick.
A hobgoblin comes into view. It is wielding a club.
* * * LOW HITPOINT WARNING * * *
You feel sick.
The hobgoblin shouts!
You completely miss the hobgoblin.
* * * LOW HITPOINT WARNING * * *
You feel sick. The hobgoblin hits you with a club.
You die...

............##.# #.#
.##.........##.# #.#
.##.........##.#####.###
.##.........##.#.......#
.##.........##.#.#######
###.........##.#.#<,,,*
# ##.#########.#.#,*,,**
# #.# #.#.#,,,,,* # #.#
#.#@#,*,*** #
#.#########.#g#,*,* #
#.#(........#.#,*,* #
#.#.#########.#**,***
#.#.# #..,,,,,* ####.#.#
###****** .....#.#
######.# #.#


You could see a hobgoblin.

Vanquished Creatures
  Crazy Yiuf (D:2)
  3 adders (D:2)
  A worm (D:2)
  2 dart slugs (D:1)
  2 leopard geckos
  A giant cockroach (D:1)
  4 goblins
  6 hobgoblins
  2 ball pythons
  3 bats
  6 frilled lizards
  3 kobolds
  2 rats (D:1)
36 creatures vanquished.

Notes
Turn   | Place    | Note
-------+----------+-------------------------------------------
     0 | D:1      | RicketyTrickster the Kobold Berserker began the quest for the Orb.
     0 | D:1      | Reached XP level 1. HP: 14/14 MP: 1/1
   107 | D:1      | Reached XP level 2. HP: 16/19 MP: 2/2
   555 | D:1      | Reached XP level 3. HP: 21/24 MP: 3/3
   966 | D:2      | Found a hide-covered altar of Uskayaw.
  1124 | D:2      | Reached XP level 4. HP: 15/29 MP: 4/4
  1322 | D:2      | Reached ** piety under Trog
  1666 | D:2      | Found a runed door.
  1670 | D:2      | Noticed Crazy Yiuf
  1680 | D:2      | Killed Crazy Yiuf
  1866 | D:2      | Reached XP level 5. HP: 8/34 MP: 5/5
  1885 | D:2      | HP: 1/34 [poisoned by an adder]
  1885 | D:2      | Slain by a hobgoblin

Skill      XL: |  1  2  3 |
---------------+----------+-----
Fighting       | 4 |  4.5
Dodging        | 3 |  3.4
Short Blades   | |  4.7
Armour         | |  1.9
Stealth        | |  0.8

Action                   |  1- 3 |  4- 6 || total
-------------------------+-------+-------++-------
Melee: Short sword       |    82 |    51 ||   133
Invok: Berserk           |     1 |     2 ||     3
  Use: Scroll            |     3 |     5 ||     8
       Potion            |       |     5 ||     5
  Eat: Chunk             |    10 |     4 ||    14
Armor: Animal skin       |    14 |     2 ||    16
Dodge: Dodged            |    66 |    23 ||    89
